[Event "Titled Tuesday Blitz January 03 Late 2023"]
[White "Godzwon, Iwo"]
[Black "Liascovich, Lucas"]
[WhiteFideId "21802483"]
[BlackFideId "108634"]
[WhiteElo "2394"]
[BlackElo "2411"]
[Result "0-1"]
[Round "03"]
[TimeControl "180+2"]
[Date "2023.01.03"]
[WhiteClock "0:00:35"]
[BlackClock "0:00:47"]

1. e4 e5 2. Nf3 Nc6 3. Bb5 d6 4. d4 exd4 5. Nxd4 Bd7 6. O-O Nf6 7. Nc3 Be7 8. Bg5 O-O 9. Nxc6 bxc6 10. Ba4 Re8 11. Qd2 h6 12. Bf4 Bf8 13. Rfe1 Qb8 14. Bb3 a5 15. a4 Qb4 16. f3 c5 17. e5 dxe5 18. Bxe5 c4 19. Bxf6 gxf6 20. Qxd7 Rxe1+ 21. Rxe1 cxb3 22. cxb3 Qxb3 23. Qg4+ Kh8 24. Re2 Rd8 25. Qf4 Rd1+ 26. Kf2 Bc5+ 27. Re3 Qxb2+ 28. Ne2 Qa3 29. Qxf6+ Kg8 30. Nc3 Bxe3+ 31. Kxe3 Qc5+ 32. Ke2 Rd6 0-1


[Site "https://www.chess.com"]

[Event "Titled Tuesday Blitz January 03 Late 2023"]
[White "Kuzmicz, Krystian"]
[Black "Jacobson, Brandon"]
[WhiteFideId "1119125"]
[BlackFideId "30901561"]
[WhiteElo "2466"]
[BlackElo "2556"]
[Result "0-1"]
[Round "03"]
[TimeControl "180+2"]
[Date "2023.01.03"]
[WhiteClock "0:00:26"]
[BlackClock "0:01:05"]

1. e4 c5 2. d3 Nc6 3. g3 g6 4. Bg2 Bg7 5. f4 d6 6. Nf3 Qd7 7. O-O b6 8. Nc3 Bb7 9. h3 O-O-O 10. Be3 f5 11. Kh2 Nf6 12. exf5 gxf5 13. d4 e6 14. dxc5 bxc5 15. Qe2 Rhg8 16. Rad1 Nh5 17. Bf2 Bf6 18. Rfe1 Rde8 19. Ng5 Bxg5 20. Qxh5 Bxf4 21. gxf4 Rxg2+ 22. Kxg2 Nd4+ 23. Kf1 Qc6 24. Qg5 Qh1+ 0-1


[Site "https://www.chess.com"]

[Event "Titled Tuesday Blitz January 03 Late 2023"]
[White "Grigoriants, Sergey"]
[Black "Kuznetsov, Felix"]
[WhiteFideId "4130804"]
[BlackFideId "34147990"]
[WhiteElo "2562"]
[BlackElo "2254"]
[Result "0-1"]
[Round "03"]
[TimeControl "180+2"]
[Date "2023.01.03"]
[WhiteClock "0:00:35"]
[BlackClock "0:01:20"]

1. d4 Nf6 2. c4 e6 3. Nc3 Bb4 4. e3 O-O 5. Bd3 c5 6. Ne2 d5 7. cxd5 exd5 8. a3 Bxc3+ 9. bxc3 Nc6 10. O-O Bg4 11. f3 Bh5 12. Nf4 Bg6 13. Nxg6 hxg6 14. Ra2 Re8 15. Re2 Qa5 16. Bb2 Rac8 17. e4 dxe4 18. fxe4 cxd4 19. cxd4 Qb6 20. Bb1 Rcd8 21. Rd2 Nxe4 22. Bxe4 Rxe4 23. Rxf7 Nxd4 24. Rff2 Ne2+ 25. Kf1 Qxf2+ 26. Kxf2 Rf8+ 0-1


[Site "https://www.chess.com"]

[Event "Titled Tuesday Blitz January 03 Late 2023"]
[White "Kamsky, Gata"]
[Black "Bjelobrk, Igor"]
[WhiteFideId "2000024"]
[BlackFideId "4300726"]
[WhiteElo "2665"]
[BlackElo "2403"]
[Result "0-1"]
[Round "03"]
[TimeControl "180+2"]
[Date "2023.01.03"]
[WhiteClock "0:00:01"]
[BlackClock "0:00:10"]

1. d4 d5 2. Bf4 Nf6 3. e3 e6 4. Nf3 Bd6 5. Bxd6 Qxd6 6. c4 O-O 7. Nc3 dxc4 8. Bxc4 c5 9. O-O Nc6 10. Nb5 Qe7 11. Rc1 Rd8 12. Re1 a6 13. Nc3 b5 14. Bd3 cxd4 15. exd4 Bb7 16. a3 Rac8 17. Bb1 Na5 18. Ne5 Nc4 19. Nxc4 Rxc4 20. Ne2 Qc7 21. Rxc4 Qxc4 22. Qd2 h6 23. Rc1 Qd5 24. f3 e5 25. Rd1 Qc6 26. Qe3 exd4 27. Rxd4 Re8 28. Qd2 Qb6 29. Kf1 Qc5 30. Rd8 Qe7 31. Rxe8+ Qxe8 32. Qd4 Qc8 33. Kf2 Bd5 34. Nc3 Bc4 35. h4 h5 36. Qd6 Be6 37. Bd3 g6 38. Qd4 Nd7 39. Ne4 Qc6 40. Ng5 Bd5 41. Be4 Bxe4 42. Nxe4 Kf8 43. Qb4+ Kg7 44. Qd4+ Kf8 45. b4 Ke7 46. Nc5 Nxc5 47. bxc5 Qe6 48. Qf4 Qa2+ 49. Kg3 Qxa3 50. Qc7+ Ke6 51. Qd6+ Kf5 52. Qd7+ Kf6 53. c6 Qe7 54. Qd4+ Ke6 55. Kf2 Qd6 56. Qb6 Kd5 57. Qxa6 Qxc6 58. Qa5 Qc5+ 59. Kg3 b4 60. Qa8+ Kc4 61. Qe4+ Kc3 62. Qe1+ Kb3 63. Qd1+ Kc3 64. Qe1+ Kc4 65. Qe2+ Kb3 66. Qd1+ Qc2 67. Qd5+ Qc4 68. Qd1+ Ka3 69. Qa1+ Kb3 70. Qd1+ Kc3 71. Qc1+ Kd4 72. Qd2+ Kc5 73. Qe3+ Kb5 74. Qe5+ Ka4 75. Qe8+ Ka3 76. Qa8+ Kb2 77. Qh8+ Qc3 78. Qf8 Qe5+ 79. Kf2 Qd4+ 80. Kg3 Qc4 0-1


[Site "https://www.chess.com"]

[Event "Titled Tuesday Blitz January 03 Late 2023"]
[White "Makarian, Rudik"]
[Black "Jaracz, Pawel"]
[WhiteFideId "44105681"]
[BlackFideId "1102222"]
[WhiteElo "2545"]
[BlackElo "2467"]
[Result "1-0"]
[Round "03"]
[TimeControl "180+2"]
[Date "2023.01.03"]
[WhiteClock "0:00:28"]
[BlackClock "0:00:02"]

1. d4 d5 2. c4 c6 3. Nf3 Nf6 4. Nc3 dxc4 5. a4 Bf5 6. Ne5 Nbd7 7. Nxc4 Nb6 8. Ne3 Bg6 9. a5 Nbd7 10. a6 bxa6 11. Rxa6 Qc8 12. Ra1 e6 13. g3 Nd5 14. Bg2 N7b6 15. O-O Be7 16. Ng4 Bh5 17. Ne5 f6 18. Nd3 O-O 19. Qe1 Bf7 20. e4 Nb4 21. Nxb4 Bxb4 22. Bf4 Nc4 23. Qc1 e5 24. dxe5 fxe5 25. Be3 Qb7 26. Na4 Qe7 27. b3 Nxe3 28. Qxe3 Rfb8 29. Rfc1 Ba5 30. Nc5 Bb6 31. Bf1 a5 32. Bc4 Rf8 33. Ra2 Kh8 34. Bxf7 Rxf7 35. b4 Rff8 36. bxa5 Rxa5 37. Rxa5 Bxa5 38. Nd3 Qd6 39. Qc5 Qxc5 40. Rxc5 Bb6 41. Rxc6 Bd4 42. Kg2 Re8 43. Rc7 h5 44. h4 Kh7 45. Rd7 Re6 46. Ne1 Ra6 47. Nf3 Ra4 48. Rd5 Bc3 49. Nxe5 Rxe4 50. Nf3 Bf6 51. Rxh5+ Kg6 52. Rd5 Rc4 53. Rd2 Kf7 54. Re2 Kg6 55. Ne5+ 1-0


[Site "https://www.chess.com"]

[Event "Titled Tuesday Blitz January 03 Late 2023"]
[White "Wieczorek, Oskar"]
[Black "Tang, Andrew"]
[WhiteFideId "1133950"]
[BlackFideId "2059630"]
[WhiteElo "2512"]
[BlackElo "2523"]
[Result "0-1"]
[Round "03"]
[TimeControl "180+2"]
[Date "2023.01.03"]
[WhiteClock "0:00:02"]
[BlackClock "0:00:04"]

1. e4 e5 2. Nf3 Nc6 3. Nc3 g6 4. Bc4 Bg7 5. a4 f5 6. exf5 Nf6 7. d4 e4 8. Ne5 d5 9. Bb5 O-O 10. fxg6 hxg6 11. Bg5 Qd6 12. Nxg6 Rf7 13. Bxc6 bxc6 14. Ne5 Rf8 15. O-O Ba6 16. Re1 c5 17. Nb5 Bxb5 18. axb5 cxd4 19. Ng6 Rf7 20. Ra6 Qb4 21. Ne5 Qxb5 22. Re6 Rff8 23. Bxf6 Rxf6 24. Rxf6 Bxf6 25. Qg4+ Bg7 26. Qe6+ Kh7 27. Qg6+ Kg8 28. Qf7+ Kh7 29. Ng4 Qc6 30. Qf5+ Kg8 31. Qg5 Rf8 32. h4 Qe6 33. h5 Kh7 34. h6 Bh8 35. Qh5 Rf5 36. Qh3 Qg6 37. f3 Rg5 38. Qg3 Be5 39. Qh3 Bf4 40. fxe4 dxe4 41. Nf2 Be3 42. Kh1 Rh5 43. Rf1 Bxf2 0-1


[Site "https://www.chess.com"]

[Event "Titled Tuesday Blitz January 03 Late 2023"]
[White "Garcia Ramos, Daniel"]
[Black "Ibarra Jerez, Jose Carlos"]
[WhiteFideId "32010311"]
[BlackFideId "2226332"]
[WhiteElo "2442"]
[BlackElo "2563"]
[Result "0-1"]
[Round "03"]
[TimeControl "180+2"]
[Date "2023.01.03"]
[WhiteClock "0:00:02"]
[BlackClock "0:00:07"]

1. c4 e5 2. g3 Nf6 3. Bg2 c6 4. Nf3 e4 5. Nd4 Qb6 6. Nc2 d5 7. cxd5 cxd5 8. O-O Nc6 9. d3 Be7 10. Nc3 O-O 11. dxe4 dxe4 12. Nxe4 Nxe4 13. Bxe4 Rd8 14. Bd2 Qxb2 15. Qc1 Qe5 16. Bf3 Bh3 17. Re1 Rac8 18. Bf4 Qc3 19. Rb1 Bf5 20. Ne3 Qxc1 21. Rbxc1 Be6 22. h4 Nd4 23. Rxc8 Nxf3+ 24. exf3 Rxc8 25. Nf5 Bb4 26. Rb1 Bf8 27. Nd6 Rc6 28. Rxb7 Bxa2 29. Rxa7 Bd5 30. Ne4 h6 31. Kg2 f5 32. Nd2 Rc3 33. Rd7 Rd3 34. Rc7 Bb4 35. Rc8+ Kf7 36. Nc4 Bxf3+ 37. Kh2 Bc3 38. Ne3 g6 39. h5 g5 40. Rc7+ Ke8 41. Rc8+ Kd7 42. Rc7+ Kd8 43. Rxc3 Rxc3 44. Be5 Rc1 45. Ng2 Rc2 46. Bd4 Bxh5 47. Bg7 Rxf2 48. Kg1 Rd2 49. Bxh6 Rd1+ 50. Kh2 g4 51. Bg5+ Kd7 52. Ne3 Rd2+ 53. Kg1 Bg6 54. Kf1 Ra2 55. Ke1 Ke6 56. Bf4 Be8 57. Nc4 Bb5 58. Nd2 Ra3 59. Kf2 Bc6 60. Ke2 Bd5 61. Kf2 Kd7 62. Ke2 Kc6 63. Nb1 Rb3 64. Nd2 Ra3 65. Nb1 Ra8 66. Nc3 Re8+ 67. Kd3 Bf3 68. Kd4 Re1 69. Kd3 Kc5 70. Bd2 Re8 71. Be3+ Kc6 72. Bf4 Rd8+ 73. Kc4 Bg2 74. Be3 Bf1+ 75. Kb4 Rd3 76. Bf4 Rd4+ 77. Kb3 Rxf4 78. gxf4 g3 79. Ne2 Bxe2 0-1


[Site "https://www.chess.com"]

[Event "Titled Tuesday Blitz January 03 Late 2023"]
[White "Oliveira, Silvio Eduardo"]
[Black "Morefield, Jason"]
[WhiteFideId "2111560"]
[BlackFideId "30920825"]
[WhiteElo "2297"]
[BlackElo "2167"]
[Result "0-1"]
[Round "03"]
[TimeControl "180+2"]
[Date "2023.01.03"]
[WhiteClock "0:01:03"]
[BlackClock "0:00:11"]

1. e4 c5 2. Nf3 d6 3. d4 cxd4 4. Nxd4 Nf6 5. Nc3 Nc6 6. Bg5 e6 7. Qd2 a6 8. O-O-O Bd7 9. f4 Be7 10. Nf3 b5 11. Bxf6 gxf6 12. f5 Qb6 13. Kb1 O-O-O 14. Be2 Kb8 15. a3 Bc8 16. Rhe1 h5 17. g3 Bb7 18. Bf1 Rc8 19. fxe6 fxe6 20. Bh3 Ne5 21. Qd4 Qc7 22. Rf1 Ng4 23. Qd2 Rhd8 24. Nd4 Qd7 25. Nb3 Bf8 26. Bxg4 hxg4 27. Qe2 f5 28. exf5 exf5 29. Nd5 Qf7 30. Qd3 Bg7 31. Qxf5 Qxf5 32. Rxf5 Rf8 33. Rg5 Be5 34. Nb6 Rc7 35. Rxe5 dxe5 36. Nd7+ Rxd7 37. Rxd7 Rf1+ 38. Ka2 Rf2 39. Rd2 Rf1 40. Nc5 Bf3 41. Kb3 e4 42. Rd8+ Kc7 43. Ne6+ Kb6 44. Rd6+ Ka7 45. Nc5 e3 46. Rxa6+ Kb8 47. Re6 Bd5+ 48. Kc3 Bxe6 49. Kd3 Bc4+ 50. Kxe3 Rf3+ 51. Kd4 Rf2 52. b3 Bf7 53. Nd7+ Kc7 54. Ne5 Be6 55. c4 bxc4 56. bxc4 Rxh2 57. Nd3 Rc2 58. Nf4 Rxc4+ 59. Kd3 Bf7 60. Ne2 Ra4 61. Nf4 Rxa3+ 62. Ke2 Rxg3 63. Ke1 Rf3 64. Ng2 g3 65. Nh4 Rf2 66. Kd1 g2 67. Nxg2 Rxg2 68. Ke1 Bd5 0-1


[Site "https://www.chess.com"]

[Event "Titled Tuesday Blitz January 03 Late 2023"]
[White "Rendle, Thomas E"]
[Black "Zhigalko, Sergei"]
[WhiteFideId "408760"]
[BlackFideId "13502956"]
[WhiteElo "2375"]
[BlackElo "2572"]
[Result "1/2-1/2"]
[Round "03"]
[TimeControl "180+2"]
[Date "2023.01.03"]
[WhiteClock "0:00:20"]
[BlackClock "0:00:07"]

1. e4 c5 2. Nf3 Nc6 3. Bb5 Nf6 4. d3 Qa5+ 5. Nc3 Nd4 6. Bc4 b5 7. Bb3 Nxb3 8. cxb3 d6 9. O-O e6 10. e5 dxe5 11. Nxe5 Bb7 12. a4 b4 13. Ne4 Nxe4 14. dxe4 Qc7 15. Bf4 Bd6 16. Nxf7 Bxf4 17. Nxh8 Bxh2+ 18. Kh1 Be5 19. f4 Bxb2 20. Ra2 Bd4 21. Qg4 Qe7 22. f5 O-O-O 23. fxe6 Rxh8 24. Rf7 Qd6 25. Rd7 h5 26. Qf5 Qg3 27. Rxd4 cxd4 28. e7+ Kb8 29. Qf8+ Bc8 30. Qxh8 Qh4+ 31. Kg1 Qe1+ 32. Kh2 Qh4+ 33. Kg1 Qe1+ 34. Kh2 Qh4+ 35. Kg1 1/2-1/2


[Site "https://www.chess.com"]

[Event "Titled Tuesday Blitz January 03 Late 2023"]
[White "Mosadeghpour, Masoud"]
[Black "Goltsev, Dmitry"]
[WhiteFideId "12519278"]
[BlackFideId "24176710"]
[WhiteElo "2472"]
[BlackElo "2269"]
[Result "1/2-1/2"]
[Round "03"]
[TimeControl "180+2"]
[Date "2023.01.03"]
[WhiteClock "0:00:08"]
[BlackClock "0:00:50"]

1. e4 e6 2. d4 d5 3. exd5 exd5 4. Nf3 Nf6 5. Bd3 Bd6 6. O-O O-O 7. Bg5 h6 8. Bh4 c5 9. dxc5 Bxc5 10. Nc3 Nc6 11. Nxd5 Qxd5 12. Bxf6 Qd6 13. Bc3 Bg4 14. Be4 Qc7 15. Qd5 Bd6 16. h3 Be6 17. Qd3 Rad8 18. Qe2 Rfe8 19. Rfe1 Bf5 20. Nd2 Bf4 21. Qf3 Bxd2 22. Qxf5 g6 23. Qf6 Bxc3 24. Qxc3 Qe5 25. Qxe5 Rxe5 26. Bf3 Rxe1+ 27. Rxe1 Rd2 28. Re2 Rxe2 29. Bxe2 Nb4 30. c3 Nxa2 31. Kf1 Nc1 32. Bc4 a6 33. Ke1 b5 34. Kd2 bxc4 35. Kxc1 Kg7 36. Kd2 Kf6 37. Ke3 Ke5 38. f4+ Kd5 39. g4 f5 40. Kf3 h5 41. gxh5 gxh5 42. h4 Kc5 43. Ke3 Kd5 44. Kf3 Kc5 45. Ke3 Kd5 46. Kf3 1/2-1/2


[Site "https://www.chess.com"]

[Event "Titled Tuesday Blitz January 03 Late 2023"]
[White "Babazada, Khazar"]
[Black "Vlassov, Nikolai"]
[WhiteFideId "13413554"]
[BlackFideId "4103360"]
[WhiteElo "2474"]
[BlackElo "2283"]
[Result "1-0"]
[Round "03"]
[TimeControl "180+2"]
[Date "2023.01.03"]
[WhiteClock "0:00:17"]
[BlackClock "0:00:01"]

1. e4 c5 2. Nf3 d6 3. d4 cxd4 4. Nxd4 Nf6 5. Nc3 g6 6. Bg5 Bg7 7. f3 Nc6 8. Nb3 O-O 9. Qd2 Be6 10. O-O-O a5 11. Bb5 Rc8 12. Kb1 Ne5 13. Nd4 Bc4 14. f4 Ned7 15. Rhe1 e5 16. Nf3 Qb6 17. Bxc4 Rxc4 18. Qxd6 Rc6 19. Qa3 Rfc8 20. Qb3 Qa7 21. fxe5 Nc5 22. Qa3 Ng4 23. Nd5 Kh8 24. Ne7 Nxe5 25. Nxe5 Bxe5 26. Nxc6 bxc6 27. Be3 Rb8 28. Qxc5 1-0


[Site "https://www.chess.com"]

[Event "Titled Tuesday Blitz January 03 Late 2023"]
[White "Papp, Levente"]
[Black "Remizov, Yaroslav"]
[WhiteFideId "751243"]
[BlackFideId "34134015"]
[WhiteElo "2353"]
[BlackElo "2421"]
[Result "0-1"]
[Round "03"]
[TimeControl "180+2"]
[Date "2023.01.03"]
[WhiteClock "0:00:05"]
[BlackClock "0:00:11"]

1. c4 Nf6 2. Nc3 e6 3. e4 d6 4. g3 c5 5. Bg2 Nc6 6. Nge2 Be7 7. O-O O-O 8. d3 Rb8 9. Rb1 a6 10. a3 b5 11. cxb5 axb5 12. b4 cxb4 13. axb4 d5 14. Bf4 e5 15. exd5 exf4 16. dxc6 Bg4 17. gxf4 Bd6 18. Qd2 Nh5 19. f3 Bf5 20. Nd5 Bc5+ 21. bxc5 Qxd5 22. Rbc1 Qxd3 23. Rfd1 Qxd2 24. Rxd2 Rfc8 25. Nd4 g6 26. Nxf5 gxf5 27. Bh3 Rxc6 28. Bxf5 Nxf4 29. Be4 Rc7 30. c6 b4 31. Rb1 f5 32. Bxf5 Rxc6 33. Be4 Rc3 34. Kh1 b3 35. Rg1+ Kf8 36. Rb2 Rb6 37. Bxh7 Rxf3 38. Be4 Re3 39. Bg2 Nd3 40. Rd2 b2 41. Rf1+ Ke7 42. Rb1 Re1+ 43. Rxe1+ Nxe1 44. Be4 b1=Q 45. Bxb1 Rxb1 46. Re2+ Kf6 47. Kg1 Nd3+ 48. Kg2 Nf4+ 0-1


[Site "https://www.chess.com"]

[Event "Titled Tuesday Blitz January 03 Late 2023"]
[White "Ehlvest, Jaan"]
[Black "Zakhartsov, Vladimir"]
[WhiteFideId "4500016"]
[BlackFideId "4145097"]
[WhiteElo "2530"]
[BlackElo "2552"]
[Result "0-1"]
[Round "03"]
[TimeControl "180+2"]
[Date "2023.01.03"]
[WhiteClock "0:00:15"]
[BlackClock "0:00:45"]

1. e4 g6 2. d4 Bg7 3. Nf3 d6 4. c4 Bg4 5. Be2 Nc6 6. Be3 e5 7. d5 Bxf3 8. Bxf3 Nd4 9. O-O c5 10. dxc6 bxc6 11. Bxd4 exd4 12. e5 Ne7 13. exd6 Qxd6 14. Nd2 O-O 15. Re1 Rab8 16. Rb1 d3 17. Ne4 Qd4 18. b3 Nf5 19. Bg4 Nh6 20. Bf3 Rfe8 21. c5 Nf5 22. Rc1 Rbd8 23. Rc4 Qb2 24. Bg4 Bd4 25. Bxf5 gxf5 26. Rxd4 Qxd4 27. Nd6 Rxe1+ 28. Qxe1 d2 29. Qd1 Qxc5 0-1


[Site "https://www.chess.com"]

[Event "Titled Tuesday Blitz January 03 Late 2023"]
[White "Holt, Conrad"]
[Black "Omelja, Artem"]
[WhiteFideId "2034387"]
[BlackFideId "14119846"]
[WhiteElo "2540"]
[BlackElo "2446"]
[Result "1-0"]
[Round "03"]
[TimeControl "180+2"]
[Date "2023.01.03"]
[WhiteClock "0:02:21"]
[BlackClock "0:01:15"]

1. d4 d5 2. c4 e6 3. Nc3 c6 4. e3 Nf6 5. Bd3 Nbd7 6. e4 dxe4 7. Nxe4 Nxe4 8. Bxe4 Nf6 9. Bc2 b6 10. Nf3 Bb7 11. O-O c5 12. Ba4+ Ke7 13. d5 a6 14. Bf4 exd5 15. Re1+ Ne4 16. Bc2 h6 17. cxd5 f5 18. Nh4 Kf6 19. Qh5 Bc8 20. Qg6+ Ke7 21. Bxe4 fxe4 22. Rxe4+ Kd7 23. Qc6# 1-0


[Site "https://www.chess.com"]

[Event "Titled Tuesday Blitz January 03 Late 2023"]
[White "Abdisalimov, Abdimalik"]
[Black "Janaszak, Dawid"]
[WhiteFideId "14206323"]
[BlackFideId "1119206"]
[WhiteElo "2492"]
[BlackElo "2316"]
[Result "1-0"]
[Round "03"]
[TimeControl "180+2"]
[Date "2023.01.03"]
[WhiteClock "0:01:57"]
[BlackClock "0:00:45"]

1. d4 d5 2. c4 e6 3. Nc3 c5 4. cxd5 exd5 5. Nf3 Nf6 6. g3 Nc6 7. Bg2 Be7 8. O-O O-O 9. Bg5 cxd4 10. Nxd4 Qb6 11. Nb3 d4 12. Bxf6 Bxf6 13. Nd5 Qd8 14. Rc1 Re8 15. Re1 Bf5 16. Nxf6+ Qxf6 17. Bxc6 bxc6 18. Qxd4 Qh6 19. f3 a5 20. e4 Rad8 21. Qe3 Qh3 22. Nxa5 h5 23. Nxc6 Ra8 24. a3 Re6 25. Nd4 h4 26. Nxf5 hxg3 27. hxg3 Rg6 28. Qf4 Re8 29. Qh4 1-0


[Site "https://www.chess.com"]

[Event "Titled Tuesday Blitz January 03 Late 2023"]
[White "Mardov, Dimitar"]
[Black "Erzhanov, Arman"]
[WhiteFideId "30919495"]
[BlackFideId "4138821"]
[WhiteElo "2456"]
[BlackElo "2228"]
[Result "1-0"]
[Round "03"]
[TimeControl "180+2"]
[Date "2023.01.03"]
[WhiteClock "0:00:12"]
[BlackClock "0:00:26"]

1. d4 d6 2. e4 Nf6 3. Nc3 e5 4. Nge2 c6 5. g3 Be7 6. Bg2 b5 7. a3 Nbd7 8. O-O O-O 9. h3 Bb7 10. Be3 a5 11. Qd2 b4 12. axb4 axb4 13. Na4 exd4 14. Nxd4 c5 15. Nf5 Nxe4 16. Qe2 g6 17. Nxe7+ Qxe7 18. Bh6 Rfe8 19. Rfe1 Qf6 20. f3 Qd4+ 21. Kh2 Nef6 22. Qb5 Bd5 23. c3 Rxe1 24. cxd4 Rxa1 25. dxc5 R1xa4 26. c6 Ne5 27. c7 Be6 28. Qb8+ Ne8 29. f4 Rxb8 30. cxb8=Q Bd7 31. fxe5 dxe5 32. Qxe5 b3 33. Qe7 1-0


[Site "https://www.chess.com"]

[Event "Titled Tuesday Blitz January 03 Late 2023"]
[White "Kravtsiv, Martyn"]
[Black "Sztokbant, Bernardo Vainzoff"]
[WhiteFideId "14113147"]
[BlackFideId "2115956"]
[WhiteElo "2598"]
[BlackElo "2213"]
[Result "1-0"]
[Round "03"]
[TimeControl "180+2"]
[Date "2023.01.03"]
[WhiteClock "0:01:00"]
[BlackClock "0:00:32"]

1. e4 c5 2. Nf3 d6 3. Bb5+ Bd7 4. Bxd7+ Qxd7 5. c4 Nc6 6. Nc3 g6 7. d4 cxd4 8. Nxd4 Bg7 9. Be3 Nf6 10. f3 O-O 11. O-O Rac8 12. b3 a6 13. Qd3 Qc7 14. Rac1 Nxd4 15. Bxd4 Qa5 16. Kh1 Rfe8 17. Rf2 b5 18. cxb5 axb5 19. Rfc2 b4 20. Bxf6 bxc3 21. Bxg7 Kxg7 22. Rxc3 Rxc3 23. Qxc3+ Qxc3 24. Rxc3 Ra8 25. Rc2 Kf6 26. Kg1 Ke5 27. Kf2 Kd4 28. Ke2 Ra3 29. Kd2 e6 30. Kc1 d5 31. Kb2 Ra7 32. exd5 exd5 33. a4 Ke3 34. Rc3+ Ke2 35. Rc2+ Ke3 36. Rc8 d4 37. Re8+ Kf2 38. Rd8 Ke3 39. Ka3 d3 40. b4 d2 41. b5 Ra8 42. Rd7 Ra7 43. Rd6 Ke2 44. Kb4 d1=Q 45. Rxd1 Kxd1 46. b6 Ra8 47. a5 Rc8 48. a6 Rc2 49. a7 Rb2+ 50. Kc5 Ra2 51. Kc6 Ke1 52. Kb7 Kf2 53. a8=Q 1-0


[Site "https://www.chess.com"]

[Event "Titled Tuesday Blitz January 03 Late 2023"]
[White "Slade, Theodore"]
[Black "Mahdavi, Reza"]
[WhiteFideId "426547"]
[BlackFideId "12595926"]
[WhiteElo "1995"]
[BlackElo "2339"]
[Result "1-0"]
[Round "03"]
[TimeControl "180+2"]
[Date "2023.01.03"]
[WhiteClock "0:01:31"]
[BlackClock "0:00:19"]

1. d4 Nf6 2. c4 g6 3. Nc3 Bg7 4. e4 d6 5. Nf3 O-O 6. Be2 e5 7. Be3 Ng4 8. Bg5 f6 9. Bh4 Nc6 10. O-O Kh8 11. d5 Ne7 12. Ne1 Nh6 13. f3 g5 14. Bf2 f5 15. c5 f4 16. cxd6 cxd6 17. Rc1 a6 18. Na4 Nhg8 19. Nb6 Rb8 20. Nxc8 Rxc8 21. Nd3 Nf6 22. Rxc8 Qxc8 23. Qa4 b5 24. Qa3 Rd8 25. Rc1 Qb7 26. Qa5 Rc8 27. Rxc8+ Qxc8 28. Qc3 Qd7 29. Nb4 g4 30. Nxa6 h5 31. Qc7 Qe8 32. Qxd6 Ng6 33. Qb8 Bh6 34. d6 g3 35. hxg3 fxg3 36. Bxg3 Be3+ 37. Bf2 Bxf2+ 38. Kxf2 Nf4 39. Qxe8+ Nxe8 40. d7 1-0


[Site "https://www.chess.com"]

[Event "Titled Tuesday Blitz January 03 Late 2023"]
[White "Yanchenko, Roman"]
[Black "Graham, Nathaniel"]
[WhiteFideId "4137329"]
[BlackFideId "2007983"]
[WhiteElo "2466"]
[BlackElo "2262"]
[Result "1-0"]
[Round "03"]
[TimeControl "180+2"]
[Date "2023.01.03"]
[WhiteClock "0:02:01"]
[BlackClock "0:00:01"]

1. d4 d5 2. c4 c6 3. Nc3 dxc4 4. Bf4 b5 5. e3 Bb7 6. a4 a6 7. Nf3 e6 8. Be2 Nf6 9. O-O Nbd7 10. Qb1 Be7 11. b3 Nd5 12. Rc1 Nxc3 13. Rxc3 b4 14. Rxc4 Nb6 15. Rc1 Nd5 16. Bd3 Nxf4 17. exf4 g6 18. Be4 Rc8 19. Ne5 Qxd4 20. Rc4 Qd6 21. Qe1 O-O 22. Rd1 Qc7 23. Rd7 Qxd7 24. Nxd7 Rfd8 25. Nc5 Bxc5 26. Rxc5 Rd4 27. h4 Rcd8 28. Qe3 R8d6 29. h5 Kg7 30. Kh2 f5 31. Bxc6 Bxc6 32. Qe5+ 1-0


[Site "https://www.chess.com"]

[Event "Titled Tuesday Blitz January 03 Late 2023"]
[White "Rangel, Daniel"]
[Black "Lenderman, Aleksandr"]
[WhiteFideId "2124475"]
[BlackFideId "2021285"]
[WhiteElo "2207"]
[BlackElo "2572"]
[Result "1/2-1/2"]
[Round "03"]
[TimeControl "180+2"]
[Date "2023.01.03"]
[WhiteClock "0:00:20"]
[BlackClock "0:00:29"]

1. c4 b6 2. Nc3 Bb7 3. e4 e6 4. g3 f5 5. Bg2 Nf6 6. d3 Bc5 7. Nge2 fxe4 8. Nxe4 Nxe4 9. dxe4 O-O 10. O-O Nc6 11. Nf4 Ne5 12. b3 Qf6 13. Rb1 Rad8 14. Bb2 d6 15. Kh1 Qh6 16. Qe2 Rxf4 17. gxf4 Qxf4 18. Bxe5 dxe5 19. Rbd1 Bd4 20. f3 Rf8 21. Bh3 Rf6 22. Rg1 Bxg1 23. Rxg1 Qxf3+ 24. Qxf3 Rxf3 25. Bxe6+ Kf8 26. Bd5 Bxd5 27. cxd5 Ke7 28. Rxg7+ Kd6 29. Rxh7 Rf4 30. Rh6+ Kd7 31. Rh7+ Kc8 32. h4 Rxe4 33. h5 Rg4 34. Kh2 e4 35. Kh3 Rg5 36. Kh4 Re5 37. Rg7 e3 38. Rg1 e2 39. Re1 Kd7 40. h6 Re8 41. Kg5 Kd6 42. Kg6 Rg8+ 43. Kf7 Rg2 44. h7 Rf2+ 45. Kg7 Rg2+ 46. Kf7 Rh2 47. Kg7 Rg2+ 48. Kf8 Rh2 49. Kg8 Rg2+ 50. Kf7 1/2-1/2


[Site "https://www.chess.com"]

[Event "Titled Tuesday Blitz January 03 Late 2023"]
[White "Tregubov, Pavel V."]
[Black "Terry, Renato"]
[WhiteFideId "4115341"]
[BlackFideId "3803457"]
[WhiteElo "2553"]
[BlackElo "2520"]
[Result "0-1"]
[Round "03"]
[TimeControl "180+2"]
[Date "2023.01.03"]
[WhiteClock "0:00:20"]
[BlackClock "0:01:39"]

1. e4 g6 2. d4 Bg7 3. Nf3 d6 4. Nc3 c6 5. Be2 Nd7 6. O-O Qc7 7. a4 Ngf6 8. Re1 O-O 9. h3 e5 10. dxe5 dxe5 11. Be3 Rd8 12. Qb1 b6 13. Qa2 Nf8 14. Bc4 Be6 15. Rad1 h6 16. Qb3 Rac8 17. Nd2 Rb8 18. f3 a6 19. Qa3 b5 20. Bxe6 b4 21. Qb3 bxc3 22. Bxf7+ Qxf7 23. Qxc3 Nh5 24. Nb3 Ne6 25. a5 Nhf4 26. Bb6 Rf8 27. Rd6 Ng5 28. Qd2 Nfxh3+ 0-1


[Site "https://www.chess.com"]

[Event "Titled Tuesday Blitz January 03 Late 2023"]
[White "Suvorov, Alexander"]
[Black "Zierk, Steven"]
[WhiteFideId "12977063"]
[BlackFideId "2034255"]
[WhiteElo "2338"]
[BlackElo "2488"]
[Result "0-1"]
[Round "03"]
[TimeControl "180+2"]
[Date "2023.01.03"]
[WhiteClock "0:00:07"]
[BlackClock "0:00:10"]

1. Nf3 e6 2. c4 f5 3. g3 Nf6 4. Bg2 d5 5. O-O Bd6 6. b3 O-O 7. Bb2 c6 8. d4 Qe7 9. Ne5 a5 10. Nd2 b6 11. Rc1 Bb7 12. Ndf3 Ne4 13. Nd3 Nd7 14. e3 g5 15. Nfe5 g4 16. cxd5 cxd5 17. Nxd7 Qxd7 18. Ne5 Qb5 19. f3 gxf3 20. Bxf3 Rac8 21. Rxc8 Bxc8 22. g4 Ba6 23. Bg2 Qe8 24. Rf3 Ng5 25. Rf2 Bxe5 26. dxe5 Qg6 27. h4 Ne4 28. Bxe4 dxe4 29. Rg2 f4 30. exf4 Rxf4 31. Bc1 Rf1+ 32. Qxf1 Bxf1 33. Kxf1 Qg7 34. Bf4 Qc7 35. Rf2 h5 36. gxh5 Qc3 37. Kg2 b5 38. Bh6 Qxe5 39. Bg5 b4 40. h6 Qd5 41. Kg3 Qd3+ 42. Kg4 e3 43. Rf3 Qe4+ 44. Rf4 Qg2+ 45. Kh5 Qe2+ 46. Kg6 Qc2+ 47. Kf6 e2 48. Ke7 Qc5+ 49. Ke8 e1=Q 50. Rf7 Qc8+ 51. Ke7 Qc7+ 0-1


[Site "https://www.chess.com"]